 Dungeon Crawl Stone Soup version 0.29-a0-551-gffc1d7fb78 (webtiles) character file.

Game seed: 8486729672900189855

2 shadowstone the Covered (level 1, -1/14 HPs)
             Began as a Gargoyle Fighter on June 5, 2022.
             Slain by an orc
             ... wielding a +0 mace
              (2 damage)
             ... on level 2 of the Dungeon.
             The game lasted 00:02:08 (405 turns).

shadowstone the Covered (Gargoyle Fighter)           Turns: 405, Time: 00:02:09

Health: -1/14      AC:  9    Str: 19    XL:     1   Next: 30%
Magic:  0/1        EV:  9    Int:  8    God:
Gold:   32         SH:  4    Dex:  9    Spells: 0/0 levels left

rFire   . . .      SeeInvis .   a - +0 trident
rCold   . . .      Faith    .   c - +0 buckler
rNeg    + . .      Spirit   +   b - +0 scale mail
rPois   ∞          Reflect  .   (no helmet)
rElec   +          Harm     .   (no cloak)
rCorr   .          Rampage  .   (no gloves)
Will    .....                   (no boots)
Stlth   ..........              g - amulet of guardian spirit
HPRegen 0.04/turn               (no ring)
MPRegen 0.07/turn               (no ring)

@: no status effects
A: sickness immunity, AC +2, negative energy resistance 1, electricity
resistance, torment resistance 1, petrification resistance
a: no special abilities


You were on level 2 of the Dungeon.
You visited 1 branch of the dungeon, and saw 2 of its levels.

You collected 32 gold pieces.

Inventory:

Hand Weapons
 a - a +0 trident (weapon)
Armour
 b - a +0 scale mail (worn)
 c - a +0 buckler (worn)
Jewellery
 g - an amulet of guardian spirit (around neck)
Scrolls
 e - 2 scrolls of poison {unknown}
 h - 3 scrolls of identify {unknown}
 i - 3 scrolls of immolation {unknown}
Potions
 d - a potion of might
 f - a potion of heal wounds {unknown}


   Skills:
 + Level 3.3 Fighting
 + Level 1.7 Polearms
 + Level 3.3 Armour
 + Level 3.3 Shields


You couldn't memorise any spells.
You didn't know any spells.
Your spell library was empty.

Dungeon Overview and Level Annotations

Branches:
Dungeon (2/15)

Altars:


Innate Abilities, Weirdness & Mutations

You are immune to sickness and miasma.
Your stone body is resilient. (AC +2)
You are immune to poison.
You resist negative energy. (rN+)
You are resistant to electric shocks. (rElec)
You are resistant to unholy torment.
You are immune to petrification.


Message History

Found a scroll labelled HAUFOA TIRULL.
h - 2 scrolls labelled HAUFOA TIRULL (gained 1)
Found a stone staircase leading down.
There is a stone staircase leading down here.
There is a stone staircase leading down here.
You climb downwards.
There is a stone staircase leading up here.
Found 5 gold pieces and a scroll labelled HAUFOA TIRULL.
You now have 32 gold pieces (gained 5).
h - 3 scrolls labelled HAUFOA TIRULL (gained 1)
You open the door.
Found 17 stones. 2 orcs come into view.
Found a bubbling blue potion.
Found an escape hatch in the floor.
The orc shouts! x2; You hear a shout!
There is an open door here.
A quokka comes into view.
An orc comes into view. It is wielding a +0 mace.
The orc shouts!
You hear a shout!
An orc comes into view. It is wielding a +0 whip. x2
The orc shouts!
Found a spear.
The quokka bites you but does no damage.
The orc hits you but does no damage. The quokka closely misses you.
You hit the quokka but do no damage. The quokka bites you.
The orc barely misses you. You block the orc's attack.
You miss the quokka. You block the quokka's attack.
The orc throws a boomerang.
The boomerang closely misses you. The orc hits you with a +0 mace!
* * * LOW HITPOINT WARNING * * *
The quokka bites you.
* * * LOW HITPOINT WARNING * * *
You hit the quokka.
The quokka is almost dead.
A kobold comes into view. It is wielding a +0 whip.
You block the orc's attack. The quokka barely misses you.
The kobold shouts!
You hit the quokka.
You kill the quokka!
The orc hits you with a +0 mace.
You die...

....)K
###++......
#..........
#..........
#!.........
#...o.o....
#...o......
#..@o......
#...o......
#..........
#>.........
###'#######
#.# #.# #.#
#.#


You could see 5 orcs and a kobold.

Vanquished Creatures
  A bat (D:1)
  A quokka (D:2)
  A kobold (D:1)
3 creatures vanquished.

Notes
Turn   | Place    | Note
-------+----------+-------------------------------------------
     0 | D:1      | shadowstone the Gargoyle Fighter began the quest for the
                  | Orb.
     0 | D:1      | Reached XP level 1. HP: 14/14 MP: 1/1
   405 | D:2      | Slain by an orc

Illustrated notes

Levels and vault maps discovered:
D:1:      dpeg_arrival_round_c, layout_loops_ring
D:2:      layout_basic, basic_altar

Action                   || total
-------------------------++-------
Melee: Trident           ||     8
Armor: Scale mail        ||    11
Dodge: Dodged            ||     9
Block: Buckler           ||     7

Table legend: (Time is in decaauts)
 A = Elapsed time spent in this place.
 B = Non-inter-level travel time spent in this place.
 C = Inter-level travel time spent in this place.
 D = Time resting spent in this place.
 E = Time spent auto-exploring this place.
 F = Levels seen in this place.
 G = Mean time per level.
                   A        B        C        D        E       F      G
               +--------+--------+--------+--------+--------+-----+--------+
         Total |    406 |    342 |     64 |      0 |      0 |   2 |  203.0 |
       Dungeon |    406 |    342 |     64 |      0 |      0 |   2 |  203.0 |
               +--------+--------+--------+--------+--------+-----+--------+

Top non-repeatable levels by time:
     D:1: 321 daAuts
     D:2: 84 daAuts
